 Dungeon Crawl Stone Soup version 0.29.0-4-gdea44cf6ec (webtiles) character file.

Game seed: 9210386160017959423

3 qw the Sneak (level 1, -3/14 HPs)
             Began as a Gargoyle Delver on Sept 10, 2022.
             Slain by a howler monkey (7 damage)
             ... on level 4 of the Dungeon.
             The game lasted 00:00:05 (132 turns).

qw the Sneak (Gargoyle Delver)                       Turns: 132, Time: 00:00:06

Health: -3/14      AC:  5    Str: 15    XL:     1   Next: 50%
Magic:  1/1        EV: 11    Int: 10    God:
Gold:   0          SH:  0    Dex: 11    Spells: 0/0 levels left

rFire   . . .      SeeInvis .   a - +0 hand axe
rCold   . . .      Faith    .   (no shield)
rNeg    + . .      Spirit   .   b - +0 leather armour
rPois   inf        Reflect  .   (no helmet)
rElec   +          Harm     .   (no cloak)
rCorr   .          Rampage  .   (no gloves)
Will    .....                   (no boots)
Stlth   +++.......              (no amulet)
HPRegen 0.04/turn               (no ring)
MPRegen 0.07/turn               (no ring)

@: no status effects
A: sickness immunity, AC +2, negative energy resistance 1, electricity
resistance, torment resistance 1, petrification resistance
a: no special abilities


You were on level 4 of the Dungeon.
You visited 1 branch of the dungeon, and saw 2 of its levels.


Innate Abilities, Weirdness & Mutations

You are immune to sickness and miasma.
Your stone body is resilient. (AC +2)
You are immune to poison.
You resist negative energy. (rN+)
You are resistant to electric shocks. (rElec)
You are resistant to unholy torment.
You are immune to petrification.


   Skills:
 - Level 3.2 Fighting
 + Level 2.1 Axes
 - Level 1.5 Dodging
 - Level 5.4 Stealth


You couldn't memorise any spells.
You didn't know any spells.
Your spell library was empty.

Inventory:

Hand Weapons
 a - a +0 hand axe (weapon)
 d - a +0 club
Armour
 b - a +0 leather armour (worn)
Wands
 g - a wand of digging (3)
Potions
 c - a potion of might {unknown}
 e - a potion of attraction {unknown}
 f - a potion of haste

Dungeon Overview and Level Annotations

Branches:
Dungeon (5/15)
 Temple: D:4-7

Altars:


Message History

Your Axes skill increases to level 2!
You see here a +0 short sword.
You see here a book of Weapons.
Found a robe.
A goblin comes into view. It is wielding a +0 club.
The goblin shouts!
You hit the goblin.
You kill the goblin!
d - a +0 club You see here a goblin corpse.
e - a fuming dark potion A howler monkey comes into view.
You hit the howler monkey.
The howler monkey is moderately wounded.
The howler monkey hits you.
You closely miss the howler monkey.
The howler monkey is moderately wounded.
The howler monkey closely misses you. x2
You closely miss the howler monkey.
The howler monkey is moderately wounded.
The howler monkey hits you but does no damage.
You closely miss the howler monkey.
The howler monkey is moderately wounded.
The howler monkey barely misses you. x2
You hit the howler monkey.
The howler monkey is heavily wounded.
The howler monkey closely misses you.
You barely miss the howler monkey.
The howler monkey is heavily wounded.
The howler monkey hits you.
The howler monkey hoots and howls with incredible vigour!
You hear a shout! x4
You closely miss the howler monkey.
The howler monkey is heavily wounded.
The howler monkey hits you but does no damage.
You closely miss the howler monkey.
The howler monkey is heavily wounded.
The howler monkey hits you!
Ouch! That really hurt!
You die...

#.## #. ##...
####.# #. ....#
#....## .. ....#
#.###.. ##.##....
##.###.#
###.......#
#......#
........#.#
###.....##
#..h.#.#
#......... ###
#@#.#####.########
.....#.#%......# #
..........#######
# ....[...#.# #
##........# #
#........# #
#......#.. #
######.### #######
... .......


You could see a howler monkey (catching breath).

Vanquished Creatures
  An endoplasm (D:4)
  A goblin (D:4)
  A kobold (D:4)
3 creatures vanquished.

Notes
Turn   | Place    | Note
-------+----------+-------------------------------------------
     0 | D:5      | qw the Gargoyle Delver began the quest for the Orb.
     0 | D:5      | Reached XP level 1. HP: 14/14 MP: 1/1
     0 | D:5      | 0 ||| qw: Version: 0.1-a-116-g5d60599
     0 | D:5      | 0 ||| qw: Game counter: 8094
     0 | D:5      | 0 ||| qw: Always use a shield: true
     0 | D:5      | 0 ||| qw: God list: Okawaru
     0 | D:5      | 0 ||| qw: Allow faded altars: false
     0 | D:5      | 0 ||| qw: Do Orc after D:15 true
     0 | D:5      | 0 ||| qw: Do second Lair branch before Depths: true
     0 | D:5      | 0 ||| qw: Lair rune preference: random
     0 | D:5      | 0 ||| qw: Plans: Normal
     0 | D:5      | 0 ||| PLANNING D:1-11
     4 | D:5      | 4 ||| DROPPING scroll of fog.
     5 | D:5      | 5 ||| DROPPING scroll of magic mapping.
     6 | D:5      | 6 ||| DROPPING scroll of fear.
   119 | D:4      | Noticed a howler monkey
   132 | D:4      | Slain by a howler monkey

Levels and vault maps discovered:
D:4:      layout_basic, bh_walls_and_bars, uniq_duvessa, uniq_ijyb
D:5:      layout_loops_cross, minmay_temple_entry_statues_fountains,
          serial_shops, shop

Skill      XL: |  1 |
---------------+----+-----
Axes           | 2 |  2.1
Fighting       | |  3.2
Dodging        | |  1.5
Stealth        | |  5.4

Action                   || total
-------------------------++-------
Melee: Hand axe          ||    14
Armor: Leather armour    ||     5
Dodge: Dodged            ||     6

Table legend:
 A = Non-vault XP
 B = Vault XP
 C = Vault XP percentage of total XP
 D = Non-vault monster count
 E = Vault monster count
 F = Vault count percentage of total count
                 A         B        C        D         E       F
            +---------+---------+-------+---------+---------+-------
      Total |       5 |       0 |   0.0 |       3 |       0 |   0.0
            +---------+---------+-------+---------+---------+-------
        D:4 |       5 |       0 |   0.0 |       3 |       0 |   0.0
            +---------+---------+-------+---------+---------+-------
